Map: Terrasses de Prion

Players

zidar - Winner!

  • Race: Zerg Zerg
  • League: Silver
  • Spawn Location: 11:00

Nikon

  • Race: Protoss Protoss
  • League: Gold
  • Spawn Location: 5:00

VOD

Have the link to the VOD?

Description

Time

  • Played on: Feb. 18, 2016, 2 p.m.
  • Length: 15:49
Show
View Real Time Build Order
Export as new Build Order

zidar Zerg - Winner!

Build Orders: Pool First 

Get SALT Encoding   

  12  0:02  Drone  
  13  0:12  Overlord  
  13  0:17  Drone  
  14  0:30  Drone x2  
  14  0:34  Drone  
  17  0:47  Spawning Pool  
  17  0:49  Drone  
  17  1:12  Hatchery  
  17  1:14  Drone  
  17  1:26  Drone x2  
  19  1:33  Overlord  
  19  1:38  Queen  
  20  1:43  Extractor  
  19  1:48  Zergling x2  
  20  1:56  Drone  
  21  2:12  Drone x2  
  21  2:14  Queen  
  25  2:26  Drone x2  
  27  2:43  Roach Warren  
  26  2:44  Extractor  
  24  3:00  Metabolic Boost  
  24  3:08  Drone x9  
  33  3:34  Zergling x6  
  34  3:38  Overlord x2  
  34  3:39  Overlord  
  36  4:02  Zergling x2  
  37  4:03  Zergling x12  
  37  4:09  Overlord x3  
  43  4:31  Lair  
  43  4:50  Hatchery  
  43  5:00  Roach x12  
  43  5:01  Roach  
  67  5:11  Queen  
  69  5:21  Drone  
  70  5:37  Overseer  
  70  5:39  Glial Reconstitution  
  70  5:40  Hydralisk Den  
  69  5:46  Evolution Chamber  
  68  5:51  Evolution Chamber  
  59  6:21  Ravager x4  
  59  6:25  Zergling x2  
  64  6:26  Zergling x24  
  64  6:27  Zergling x8  
  80  6:34  Zerg Missile Weapons Level 1  
  80  6:42  Extractor x2  
  78  6:56  Overseer  
  39  7:48  Zergling x30  
  39  7:49  Zergling x6  
  57  7:53  Roach  
  57  7:54  Roach x2  
  49  8:26  Hydralisk  
  51  8:27  Hydralisk x7  
  65  8:38  Overlord x2  
  65  8:39  Overlord  
  65  8:56  Queen  
  65  8:59  Drone  
  65  9:00  Drone x7  
  75  9:22  Drone  
  75  9:23  Drone  
  77  9:36  Hatchery  
  77  9:38  Drone  
  77  9:41  Overseer  
  77  9:49  Pneumatized Carapace  
  77  9:58  Drone x7  
  77  9:59  Extractor  
  83  10:01  Extractor  
  83  10:06  Zerg Missile Weapons Level 2  
  82  10:10  Zerg Ground Armor Level 1  
  82  10:12  Muscular Augments  
  82  10:17  Hydralisk  
  82  10:18  Hydralisk x2  
  88  10:23  Overlord x2  
  88  10:48  Hydralisk  
  88  10:49  Hydralisk x6  
  102  10:50  Roach  
  104  11:00  Spire  
  104  11:04  Infestation Pit  
  99  12:01  Lurker Den  
  99  12:07  Drone x3  
  102  12:18  Hive  
  102  12:20  Zerg Ground Armor Level 2  
  102  12:25  Zerg Melee Weapons Level 1  
  102  12:33  Hydralisk  
  104  12:37  Overlord x4  
  104  12:38  Overlord x2  
  104  13:18  Overlord x4  
  60  14:08  Hydralisk  
  60  14:09  Hydralisk x19  
  58  14:10  Hydralisk x4  
  94  14:18  Hydralisk x2  
  94  14:19  Hydralisk  
  98  14:58  Roach x9  
  98  14:59  Roach x2  
  120  15:08  Roach  
  120  15:09  Roach x3  
Show
View Real Time Build Order
Export as new Build Order

Nikon Protoss 

Build Orders:  

Get SALT Encoding   

  12  0:01  Probe (Chrono Boost)  
  13  0:15  Pylon  
  13  0:20  Probe (Chrono Boost)  
  14  0:30  Probe (Chrono Boost)  
  15  0:41  Probe (Chrono Boost)  
  16  0:43  Gateway  
  16  0:47  Assimilator  
  16  0:52  Probe (Chrono Boost)  
  17  1:02  Probe (Chrono Boost)  
  18  1:20  Gateway  
  18  1:25  Pylon  
  18  1:31  Zealot (Chrono Boost)  
  20  1:35  Probe  
  21  1:47  Probe  
  21  1:51  Forge  
  22  1:58  Zealot (Chrono Boost)  
  22  1:59  Probe  
  27  2:12  Probe, Zealot (Chrono Boost)  
  28  2:16  Assimilator  
  28  2:23  Cybernetics Core  
  28  2:34  Protoss Ground Weapons Level 1 (Chrono Boost)  
  28  2:42  Probe  
  29  2:55  Probe  
  29  3:01  Warp Gate (Chrono Boost)  
  29  3:07  Probe  
  29  3:10  Pylon  
  30  3:21  Pylon  
  30  3:28  Mothership Core, Stalker x2  
  36  3:47  Nexus  
  36  3:52  Pylon  
  36  4:05  Sentry  
  36  4:06  Stalker  
  40  4:18  Assimilator  
  40  4:22  Gateway  
  40  4:42  Gateway  
  40  4:47  Stalker x2  
  44  5:24  Stalker  
  46  5:30  Stalker x2  
  46  5:33  Probe  
  51  5:44  Probe, Pylon  
  51  5:47  Robotics Facility  
  52  5:53  Probe  
  52  5:55  Probe  
  54  6:04  Pylon  
  54  6:05  Probe x2  
  56  6:16  Stalker x2  
  60  6:24  Sentry x2  
  64  6:37  Immortal (Chrono Boost)  
  68  6:43  Stalker  
  68  6:45  Stalker  
  72  6:47  Stalker  
  72  6:50  Sentry  
  68  7:26  Stalker x2  
  68  7:27  Stalker  
  58  8:19  Stalker x4  
  44  8:35  Gateway  
  44  8:40  Pylon  
  44  8:42  Pylon  
  44  8:48  Stalker x3  
  44  8:49  Pylon, Stalker  
  44  8:53  Probe  
  53  8:59  Immortal (Chrono Boost)  
  57  9:03  Probe  
  57  9:04  Probe  
  59  9:12  Stalker x2  
  59  9:14  Probe  
  59  9:16  Probe  
  65  9:24  Probe, Stalker  
  65  9:28  Probe  
  65  9:30  Stalker  
  71  9:35  Probe  
  72  9:45  Sentry  
  74  9:46  Probe  
  74  9:50  Zealot x3  
  74  9:51  Assimilator  
  81  9:56  Probe  
  82  10:05  Stalker  
  84  10:14  Probe  
  84  10:17  Stalker x2  
  84  10:18  Stalker x2  
  93  10:28  Pylon  
  93  10:33  Pylon  
  93  10:43  Nexus  
  93  10:46  Pylon  
  93  10:56  Robotics Bay  
  93  10:59  Pylon  
  93  11:02  Sentry  
  95  11:04  Sentry  
  95  11:07  Sentry  
  99  11:20  Gateway  
  98  11:43  Stalker x2  
  98  11:44  Stalker x3  
  100  11:59  Colossus (Chrono Boost)  
  106  12:08  Stalker x3  
  112  12:10  Zealot x2  
  116  12:54  Stalker x4  
  116  12:55  Stalker  
  126  13:00  Nexus  
  126  13:08  Pylon  
  126  13:15  Pylon  
  114  13:53  Stalker x3  
  114  13:54  Stalker x3  
  72  14:15  Nexus  
  72  14:19  Pylon  
  72  14:23  Stalker x2  
  70  14:58  Colossus (Chrono Boost)  
  72  15:22  Stalker x2  
  72  15:23  Stalker  
  58  15:37  Stalker  
Tags
 
Add a new tag
Caveats
  • Supply blocks, unpowered buildings, or Contaminate may cause inaccurate times.
  • Supply counts are checked every 10 seconds.